 Seeded DCSS version 0.30-a0-1074-g5db6f66fbb (webtiles) character file.

Game seed: 9984866775504283061 (custom seed)

476 Pimp the Covered (level 7, -4/44 HPs)
             Began as a Gargoyle Fighter on Apr 13, 2023.
             Slain by a gnoll
             ... wielding a +0 halberd
              (8 damage)
             ... on level 3 of the Dungeon.
             The game lasted 00:08:21 (1770 turns).

Pimp the Covered (Gargoyle Fighter)                 Turns: 1770, Time: 00:08:23

Health: -4/44      AC: 22    Str: 20    XL:     7   Next: 10%
Magic:  16/16      EV:  5    Int: 14    God:
Gold:   87         SH:  5    Dex: 12    Spells: 6/6 levels left

rFire   . . .      SeeInvis +    a - +0 flail (venom)
rCold   . . .      Faith    .    c - +0 buckler
rNeg    + + .      Spirit   .    j - +0 plate armour
rPois   ∞          Reflect  .    (no helmet)
rElec   +          Rampage  .    q - +0 cloak
rCorr   .                        (no gloves)
Will    .....                    (no boots) Stlth
                                 (no amulet)
HPRegen 0.27/turn                m - ring of Xom's Recklessness {rPois rN+ Int+4 Dex+3}
MPRegen 0.15/turn                v - ring of Zolas {rElec MP+9 AC+4 SInv}

@: mighty, about to teleport
A: sickness immunity, AC +4, negative energy resistance 1, electricity
resistance, torment resistance 1, petrification resistance
a: no special abilities


You were on level 3 of the Dungeon.
You visited 1 branch of the dungeon, and saw 3 of its levels.

You collected 87 gold pieces.

Inventory:

Hand Weapons
 a - a +0 flail of venom (weapon)
Missiles
 h - a throwing net (quivered)
Armour
 b - a +0 scale mail
 c - a +0 buckler (worn)
 j - a +0 plate armour (worn)
 q - a +0 cloak (worn)
Jewellery
 k - a ring of ice
 m - the ring of Xom's Recklessness (left hand) {rPois rN+ Int+4 Dex+3}
   (You acquired it on level 3 of the Dungeon)

   [ring of positive energy]

   Int:       It affects your intelligence (+4).
   Dex:       It affects your dexterity (+3).
   rPois:     It protects you from poison.
   rN:        It protects you from negative energy.
 v - the ring of Zolas (right hand) {rElec MP+9 AC+4 SInv}
   (You acquired it on level 3 of the Dungeon)

   [ring of protection]

   AC:        It affects your AC (+4).
   rElec:     It insulates you from electricity.
   MP:        It affects your magic capacity (+9).
   SInv:      It lets you see invisible.
Scrolls
 e - 2 scrolls of identify
 i - 3 scrolls of fear
 x - a scroll of noise {unknown}
 y - a scroll of amnesia {unknown}
Potions
 g - a potion of curing {unknown}
 l - a potion of brilliance {unknown}
 o - a potion of lignification
 p - a potion of flight {unknown}
 t - a potion of attraction {unknown}


   Skills:
 + Level 5.1 Fighting
 + Level 4.0 Maces & Flails
 + Level 5.1 Armour
 + Level 5.1 Shields


You had 6 spell levels left.
You didn't know any spells.
Your spell library contained the following spells:

 Spells                   Type           Power      Damage    Failure   Level
 Vhi's Electric Charge    Tloc/Air       0%         N/A       100%        3
 Arcjolt                  Conj/Air       0%         1d10      100%        5
 Maxwell's Capacitive Co  Air            0%         ∞         100%        8


Dungeon Overview and Level Annotations

Branches:
Dungeon (3/15)

Altars:


Innate Abilities, Weirdness & Mutations

You are immune to sickness and miasma.
Your stone body is resilient. (AC +4)
You are immune to poison.
You resist negative energy. (rN+)
You are resistant to electric shocks. (rElec)
You are resistant to unholy torment.
You are immune to petrification.


Message History

The gnoll bouda hits you but does no damage.
The gnoll hits you from afar with a +0 halberd!
* * * LOW HITPOINT WARNING * * *
The gnoll hits you but does no damage. You block the gnoll's attack.
You sock the gnoll bouda!
The gnoll bouda is heavily wounded.
The gnoll bouda hits you but does no damage.
The gnoll hits you but does no damage.
The howler monkey hoots and howls with incredible vigour!
You block the gnoll's attack. The gnoll hits you but does no damage.
The gnoll hits you from afar with a +0 halberd!
* * * LOW HITPOINT WARNING * * *
The gnoll bouda hits you but does no damage.
You hear a bark!
You hear a shout! x2; You hear a howl!
You hear a bark!
You feel very mighty all of a sudden.
Your attacks no longer feel as feeble.
The gnoll hits you but does no damage. x3
The gnoll bouda calls upon its god to heal the gnoll.
The gnoll is healed somewhat.
You barely miss the gnoll bouda.
The gnoll bouda is heavily wounded.
You feel less wooden.
Your +0 cloak unmelds from your body.
Your +0 plate armour unmelds from your body.
The gnoll splashes around in the water.
The gnoll hits you but does no damage. The gnoll barely misses you.
The gnoll bouda hits you but does no damage.
You hit the gnoll bouda.
The gnoll bouda is almost dead.
You block the gnoll's attack.
The gnoll hits you from afar with a +0 spear.
* * * LOW HITPOINT WARNING * * *
The gnoll bouda prays to its god.
The gnoll bouda is healed somewhat.
The gnoll barely misses you.
As you read the scroll of teleportation, it crumbles to dust.
You feel strangely unstable.
The gnoll splashes around in the water.
The gnoll hits you but does no damage.
The gnoll bouda hits you with a +0 club.
* * * LOW HITPOINT WARNING * * *
The gnoll hits you from afar with a +0 halberd!
You die...

#.........###..### #.
#.......÷.....## #.
######.#........# #.
******###.........(..###########.
,,,,,,..........................P
~~~~~~~~~~~....~~≈~~~~~≈~~~~~~~~~
~~~~~~~~≈~~....~≈≈≈≈≈≈≈~≈≈≈≈≈~≈≈≈
~~~~~~~~≈~~...gg≈~~~~~~~≈~~#####≈
,,,,,,,......ohg@..........#...#≈
*******####'')g#############...#≈
,,,,,,,,,,#....#,,,,,,+,,,,#'###≈
,,,,,*,**,#.o).#**,**,*,,,,..#.~≈
,,,,,*,,,,#...g#,,,,*,*,,,,**#.~≈
**++******#....#********++**,#.≈~
*,,,,,,,,,#g...#,,,,,,,^,,,,,#.~~
+,,,,,,,,.'....',,8*,,,,,,,,,#.~~
*,,,,,,...'....',,8*,,**++**,#.≈≈


You could see a gnoll bouda (poisoned), a howler monkey, 3 gnolls and 2 orcs.

Vanquished Creatures
  The ghost of Pimp the Magician, an amateur DEFE (D:3)
  A kobold brigand (D:3)
  2 howler monkeys (D:3)
  5 adders
  6 gnolls (D:3)
  2 dart slugs
  5 orcs (D:3)
  4 endoplasms
  2 giant cockroaches
  4 goblins
  2 hobgoblins (D:1)
  13 jackals
  2 quokkas (D:2)
  5 ball pythons
  6 bats
  7 frilled lizards
  4 kobolds
  8 rats
79 creatures vanquished.

Notes
Turn   | Place    | Note
-------+----------+-------------------------------------------
     0 | D:1      | Pimp the Gargoyle Fighter began the quest for the Orb.
     0 | D:1      | Reached XP level 1. HP: 14/14 MP: 1/1
   160 | D:1      | Reached XP level 2. HP: 19/19 MP: 2/2
   411 | D:1      | Reached XP level 3. HP: 23/23 MP: 3/3
   980 | D:2      | Reached XP level 4. HP: 28/29 MP: 4/4
  1140 | D:3      | Identified 2 scrolls of acquirement
  1140 | D:3      | Acquired the ring of Xom's Recklessness {rPois rN+ Int+4
                  | Dex+3}
  1141 | D:3      | Acquired the ring of Zolas {rElec MP+9 AC+4 SInv}
  1414 | D:3      | Reached XP level 5. HP: 33/33 MP: 5/5
  1607 | D:3      | Found a runed translucent door.
  1607 | D:3      | Noticed Pimp's ghost (amateur DEFE)
  1655 | D:3      | Killed Pimp's ghost
  1656 | D:3      | Reached XP level 6. HP: 37/40 MP: 6/6
  1753 | D:3      | Reached skill level 5 in Armour
  1753 | D:3      | Reached skill level 5 in Shields
  1762 | D:3      | Reached skill level 5 in Fighting
  1762 | D:3      | Reached XP level 7. HP: 29/44 MP: 7/7
  1770 | D:3      | Slain by a gnoll

Illustrated notes

Levels and vault maps discovered:
D:1:      minmay_arrival_plants_in_alcoves, layout_basic,
          minmay_misc_feat_plants, chequers_serial_rivers_marsh
D:2:      layout_basic, minmay_misc_feat_columns
D:3:      lemuel_castle_with_subvaults [lemuel_castle_interior_carwin_2],
          layout_rooms, ebering_ghost_sewer_d

Skill      XL: |  1  2  3  4  5  6 |
---------------+-------------------+-----
Armour         | 4 5 |  5.1
Fighting       | 4 5 |  5.1
Shields        | 4 5 |  5.1
Maces & Flails | 3 4 |  4.0

Action                     |  1- 3 |  4- 6 |  7- 9 || total
---------------------------+-------+-------+-------++-------
  Melee: Flail             |   125 |   110 |     7 ||   242
    Use: Scroll            |       |    12 |     1 ||    13
         Potion            |       |     2 |     1 ||     3
 Armour: Scale mail        |    88 |    91 |       ||   179
         Plate armour      |       |    43 |     3 ||    46
         Skin              |       |    17 |    15 ||    32
  Dodge: Dodged            |    67 |    99 |     2 ||   168
  Block: Buckler           |    45 |    55 |     7 ||   107

Table legend: (Time is in decaauts)
 A = Elapsed time spent in this place.
 B = Non-inter-level travel time spent in this place.
 C = Inter-level travel time spent in this place.
 D = Time resting spent in this place.
 E = Time spent auto-exploring this place.
 F = Levels seen in this place.
 G = Mean time per level.
                   A        B        C        D        E       F      G
               +--------+--------+--------+--------+--------+-----+--------+
         Total |   1850 |   1815 |     35 |    120 |   1017 |   3 |  616.7 |
       Dungeon |   1850 |   1815 |     35 |    120 |   1017 |   3 |  616.7 |
               +--------+--------+--------+--------+--------+-----+--------+

Top non-repeatable levels by time:
     D:3: 669 daAuts
     D:1: 651 daAuts
     D:2: 529 daAuts
